 Dungeon Crawl Stone Soup version 0.31-a0-1082-g7d1fb776a8 (webtiles) character file.

Game seed: 3165576256644957102

4 kae the Vexing (level 1, 0/13 HPs)
             Began as a Demonspawn Enchanter on Nov 27, 2023.
             Slain by a hobgoblin (1 damage)
             ... on level 1 of the Dungeon.
             The game lasted 00:00:11 (84 turns).

kae the Vexing (Demonspawn Enchanter)                 Turns: 84, Time: 00:00:11

Health: 0/13       AC:  2    Str:  8    XL:     1   Next: 50%
Magic:  3/3        EV: 12    Int: 16    God:
Gold:   0          SH:  0    Dex: 13    Spells: 4/4 levels left

rFire   . . .        a - +1 dagger
rCold   . . .        (no shield)
rNeg    . . .        b - +0 robe
rPois   .            (no helmet)
rElec   .            (no cloak)
rCorr   .            (no gloves)
SInv    .            (no boots)
Will    .....        (no amulet)
Stlth   ++           (no ring)
HPRegen 0.22/turn    (no ring)
MPRegen 0.08/turn

%: no passive effects
@: no status effects
A: no striking features
a: no special abilities


You were on level 1 of the Dungeon.
You visited 1 branch of the dungeon, and saw 1 of its levels.


   Skills:
 + Level 0.1 Fighting
 * Level 1.0 Short Blades
 + Level 1.8 Dodging
 * Level 2.7 Stealth
 + Level 2.0 Spellcasting
 + Level 3.0 Hexes


You had 4 spell levels left.
You didn't know any spells.
Your spell library contained the following spells:

 Spells                   Type           Power      Damage    Failure   Level
 Ensorcelled Hibernation  Hex/Ice        12%        N/A       17%         2
 Confusing Touch          Hex            11%        N/A       19%         3
 Tukima's Dance           Hex            11%        N/A       19%         3
 Dazzling Flash           Conj/Hex       12%        N/A       32%         3

Inventory:

Hand Weapons
 a - a +1 dagger (weapon)
Armour
 b - a +0 robe (worn)
Potions
 c - 2 potions of invisibility
 d - a potion of brilliance {unknown}

Dungeon Overview and Level Annotations

Branches:
Dungeon (1/15) Zot: 5915

Altars:

#!.. ####.....#
##.#.......#
####............
##.#..............
#.#.................
........b............
#....@g...$.....!.J
##.#..............
##............. ##
##.#.......# #.
####.....## #.
##...## #####.
##)#####.....
#...........
#)#.###.>...


You could see a hobgoblin and a bat.


Message History

Options error: Missing colour in message_colour setting: 'but rights himself reflexively soon after' Options error: Missing colour in message_colour setting: 'before it is too late' ✅ Successfully initialized magus.rc [v1.11.3] Welcome, kae the Demonspawn Enchanter.
It is said that the Orb of Zot exists deep within this dungeon.
Press ? for a list of commands and other information.
Found a glowing leather armour and a glowing white potion.
Found a staircase leading out of the dungeon.
You see here a +2 leather armour of poison resistance.
Found a stone staircase leading down.
d - a glowing white potion
There is a staircase leading out of the dungeon here.
A frilled lizard comes into view.
A frilled lizard is nearby!
A frilled lizard is nearby!
The frilled lizard bites you but does no damage.
You hit the frilled lizard.
You kill the frilled lizard!
No target in view!
No target in view!
A bat comes into view.
Found a stone staircase leading down.
A bat is nearby!
The bat closely misses you.
You barely miss the bat. The bat barely misses you.
You barely miss the bat. The bat barely misses you. The bat barely misses you.
The bat closely misses you.
You hit the bat.
You kill the bat!
No target in view!
A giant cockroach comes into view.
The giant cockroach moves out of view.
No target in view!
No target in view!
An endoplasm comes into view.
You see here a +0 long sword.
A giant cockroach is nearby!
You hit the giant cockroach.
The giant cockroach bites you but does no damage.
You hit the giant cockroach but do no damage.
The giant cockroach bites you but does no damage.
The giant cockroach bites you. 😕 HP[-1]
You take 1 damage, and now have 12/13 hp.
A giant cockroach is nearby!
You barely miss the giant cockroach.
The giant cockroach bites you but does no damage.
You closely miss the giant cockroach.
The giant cockroach bites you but does no damage. 😎 HP[+1]
Your hp is fully restored (13).
A giant cockroach is nearby!
You hit the giant cockroach.
You kill the giant cockroach!
Your Short Blades skill increases to level 1!
No target in view!
No target in view!
No target in view!
A hobgoblin comes into view.
The hobgoblin shouts!
Unknown command.
A hobgoblin is nearby!
A hobgoblin is nearby!
A bat comes into view.
A hobgoblin comes into view.
The hobgoblin barely misses you.
The hobgoblin shouts!
You hit the hobgoblin.
You kill the hobgoblin!
The bat closely misses you.
You closely miss the bat. The bat hits you but does no damage.
The bat barely misses you.
You miss the bat. The bat closely misses you.
You barely miss the hobgoblin. The bat hits you but does no damage.
The hobgoblin hits you. 😕 HP[-3]
You take 3 damage, and now have 10/13 hp.
MASSIVE DAMAGE!! (PAUSE)
The bat misses you. The bat closely misses you. The hobgoblin misses you.
You hit the hobgoblin but do no damage. The bat closely misses you.
The bat hits you. The hobgoblin hits you. 😮 HP[-3]
You take 3 damage, and now have 7/13 hp.
MASSIVE DAMAGE!! (PAUSE)
You barely miss the hobgoblin. The bat closely misses you.
The hobgoblin hits you but does no damage.
You hit the hobgoblin. The bat hits you but does no damage.
The bat barely misses you. The hobgoblin hits you.
* * * LOW HITPOINT WARNING * * *
😨 HP[-3]
You take 3 damage, and now have 4/13 hp.
MASSIVE DAMAGE!! (PAUSE)
You closely miss the hobgoblin. The bat closely misses you.
The hobgoblin hits you.
* * * LOW HITPOINT WARNING * * *
😱 HP[-2]
You take 2 damage, and now have 2/13 hp.
You completely miss the hobgoblin. The bat hits you.
* * * LOW HITPOINT WARNING * * *
The hobgoblin hits you.
You die...

Skill      XL: |  1 |
---------------+----+-----
Short Blades   | 1 |  1.0
Fighting       | |  0.1
Dodging        | |  1.8
Stealth        | |  2.7
Spellcasting   | |  2.0
Hexes          | |  3.0

Action                     || total
---------------------------++-------
  Melee: Dagger            ||    18
 Armour: Robe              ||    17
  Dodge: Dodged            ||    16

Levels and vault maps discovered:
D:1:      lightli_iron_boxes, layout_loops_cross, nicolae_figureground_pulse

Notes
Turn   | Place    | Note
-------+----------+-------------------------------------------
     0 | D:1      | kae the Demonspawn Enchanter began the quest for the Orb.
     0 | D:1      | Reached XP level 1. HP: 13/13 MP: 3/3
     0 | D:1      | magus.rc [v1.11.3]
    70 | D:1      | Reached skill level 1 in Short Blades
    83 | D:1      | HP: 2/13 [hobgoblin (2)]
    84 | D:1      | Slain by a hobgoblin

Vanquished Creatures
  A giant cockroach (D:1)
  A hobgoblin (D:1)
  A bat (D:1)
  A frilled lizard (D:1)
4 creatures vanquished.

Table legend:
 A = Non-vault XP
 B = Vault XP
 C = Vault XP percentage of total XP
 D = Non-vault monster count
 E = Vault monster count
 F = Vault count percentage of total count
                 A         B        C        D         E       F
            +---------+---------+-------+---------+---------+-------
      Total |       6 |       0 |   0.0 |       4 |       0 |   0.0
            +---------+---------+-------+---------+---------+-------
        D:1 |       6 |       0 |   0.0 |       4 |       0 |   0.0
            +---------+---------+-------+---------+---------+-------

Skill      XL: |  1 |
---------------+----+-----
Short Blades   | 1 |  1.0
Fighting       | |  0.1
Dodging        | |  1.8
Stealth        | |  2.7
Spellcasting   | |  2.0
Hexes          | |  3.0

Action                     || total
---------------------------++-------
  Melee: Dagger            ||    18
 Armour: Robe              ||    17
  Dodge: Dodged            ||    16

Illustrated notes

Table legend:
 A = Kills in this place as a percentage of kills in the entire game.
 B = Kills by you in this place as a percentage of kills by you in the entire game.
 C = Kills by friends in this place as a percentage of kills by friends in the entire game.
 D = Other kills in this place as a percentage of other kills in the entire game.
 E = Experience gained in this place as a percentage of experience gained in the entire game.
 F = Experience gained in this place divided by the number of levels of this place that you have seen.
                   A       B       C       D       E      F
               +-------+-------+-------+-------+-------+----------------------
         Total | 100.0 | 100.0 |   N/A |   N/A | 100.0 |   6.0
       Dungeon | 100.0 | 100.0 |   N/A |   N/A | 100.0 |   6.0
               +-------+-------+-------+-------+-------+----------------------

Table legend: (Time is in decaauts)
 A = Elapsed time spent in this place.
 B = Non-inter-level travel time spent in this place.
 C = Inter-level travel time spent in this place.
 D = Time resting spent in this place.
 E = Time spent auto-exploring this place.
 F = Levels seen in this place.
 G = Mean time per level.
                   A        B        C        D        E       F      G
               +--------+--------+--------+--------+--------+-----+--------+
         Total |     83 |     83 |      0 |      0 |     45 |   1 |   83.0 |
       Dungeon |     83 |     83 |      0 |      0 |     45 |   1 |   83.0 |
               +--------+--------+--------+--------+--------+-----+--------+

Top non-repeatable levels by time:
     D:1: 83 daAuts
